 Dungeon Crawl Stone Soup version 0.31-a0-1161-g593ecc88b7 (webtiles) character file.

Game seed: 7189955994672837647

4843 Dirtsage the Mimic (level 10, -1/79 HPs)
             Began as an Octopode Shapeshifter on Dec 8, 2023.
             Was a Follower of Elyvilon.
             Slain by Erica
             ... wielding a +2 scimitar of flaming
              (6 damage)
             ... on level 9 of the Dungeon.
             The game lasted 00:25:04 (9098 turns).

Dirtsage the Mimic (Octopode Shapeshifter)          Turns: 9098, Time: 00:25:04

Health: -1/79      AC:  9    Str: 19    XL:     10   Next: 49%
Magic:  10/12      EV: 12    Int: 12    God:    Elyvilon [*.....]
Gold:   577        SH:  0    Dex: 16    Spells: 7/9 levels left

rFire   . .          .
                       - Unarmed
rCold   . . .        (shield currently unavailable)
rNeg    . . .        (helmet currently unavailable)
rPois   +            f - amulet of the acrobat
rElec   .            C - ring of willpower
rCorr   .            W - ring of wizardry
SInv    +            S - ring of see invisible
Will    +....        (no ring)
Stlth   +            (no ring)
HPRegen 0.33/turn    (no ring)
MPRegen 0.13/turn    (no ring)
                     (no ring)

%: acrobat, wizardry (x1)
@: snake-form, slowed, very slow
A: constrict, boosted hp, almost no armour, amphibious, 8 rings, large,
(camouflage 1), (gelatinous body 1), (nimble swimmer 1), (tentacles)
a: Begin Untransformation, Renounce Religion, Purification


You were on level 9 of the Dungeon.
You worshipped Elyvilon.
Elyvilon was aware of your devotion.
You were an enormous serpent.
You visited 2 branches of the dungeon, and saw 10 of its levels.
You also visited: Sewer.

You collected 577 gold pieces.

Inventory:

Missiles
 g - 2 curare-tipped darts
Jewellery
 f - an amulet of the acrobat (around neck)
 A - the amulet "Miodutyw" {Spirit Contam +Blink Int+5}
   (You found it on level 5 of the Dungeon)

   [amulet of guardian spirit]

   Spirit:    It causes incoming damage to be divided between your reserves of
   health and magic.
   Int+5:     It affects your intelligence (+5).
   +Blink:    It lets you blink.
   Contam:    It causes magical contamination when unequipped.
 C - a ring of willpower (left tentacle)
 S - a ring of see invisible (on tentacle)
 W - a ring of wizardry (right tentacle)
Talismans
 y - a serpent talisman (active)
Wands
 m - a wand of roots (1)
 u - a wand of flame (44) (quivered)
 D - a wand of polymorph (5)
Scrolls
 d - 2 scrolls of immolation
 e - 3 scrolls of noise
 j - 2 scrolls of enchant armour
 p - a scroll of torment
 r - 2 scrolls of revelation
 t - a scroll of teleportation
 v - a scroll of acquirement
 w - a scroll of amnesia
 B - 2 scrolls of blinking
Potions
 a - a potion of lignification
 b - a potion of brilliance {unknown}
 h - 2 potions of enlightenment {unknown}
 k - a potion of attraction {unknown}
 n - 2 potions of haste {unknown}
 o - a potion of invisibility {unknown}
 q - 2 potions of curing
 x - a potion of berserk rage {unknown}
 z - 2 potions of magic


   Skills:
 + Level 5.5 Fighting
 + Level 5.8 Dodging
 + Level 6.3 Unarmed Combat
 + Level 4.0 Transmutations
 + Level 2.9 Invocations
 + Level 10.1 Shapeshifting


You had 7 spell levels left.
You knew the following spells:

 Your Spells              Type           Power      Damage    Failure   Level
a - Wereblood             Tmut           9%         N/A       4%          2

Your spell library contained the following spells:

 Spells                   Type           Power      Damage    Failure   Level
 Passwall                 Tmut/Erth      3%         N/A       9%          2
 Sandblast                Erth           0%         2d4       13%         1
 Poisonous Vapours        Pois/Air       0%         N/A       21%         2
 Sublimation of Blood     Necr           0%         N/A       21%         2
 Mephitic Cloud           Conj/Pois/Air  0%         N/A       36%         3
 Stone Arrow              Conj/Erth      0%         3d7       36%         3
 Brom's Barrelling Bould  Conj/Erth      0%         2d3       75%         4
 Freezing Cloud           Conj/Ice/Air   0%         6-21      97%         5
 Summon Hydra             Summ           0%         N/A       100%        7


Dungeon Overview and Level Annotations

Branches:
Dungeon (9/15)             Temple (1/1) D:7           Sewer (visited)
   Lair: D:8-11         Orc: D:9-12

Altars:
Ashenzari
Cheibriados
Dithmenos
Elyvilon
Fedhas
Hepliaklqana
Kikubaaqudgha
Makhleb
Nemelex Xobeh
Okawaru
Qazlal
Ru
Sif Muna
Trog
Vehumet
Wu Jian
Xom
Yredelemnul

Shops:
D:6 (

Annotations:
D:9 Erica


Innate Abilities, Weirdness & Mutations

You are an enormous serpent.
You have a powerful constriction melee attack.
Your maximum health is increased.
Your armour is entirely melded.
You are incapable of wielding weapons or throwing items.
You cannot wear most types of armour.
You are amphibious.
You can wear up to eight rings at the same time.
((Your skin changes colour to match your surroundings (Stealth+).))
((Your rubbery body absorbs attacks. (AC +1, EV +1)))
((You are camouflaged when in or above water. (Stealth+)))
((You have tentacles for arms and can constrict up to eight enemies at once.))


Message History

Erica constricts you.
You take 7 damage, and have 6/99 hp.
You feel much better.
You feel less wooden.
You turn into an enormous serpent.
Erica loses her grip on you. The wraith misses you.
Erica hits you but does no damage.
You now have 19/79 hp.
You hit the wraith.
The wraith is severely damaged.
The wraith closely misses you.
Erica stares at you and mumbles some strange words.
You resist with almost no effort.
You hit the wraith but do no damage.
The wraith is severely damaged.
The wraith hits you but does no damage. Erica barely misses you.
The wraith hits you but does no damage.
You lash the wraith!
You destroy the wraith!
Erica hits you with a +2 scimitar of flaming.
* * * LOW HITPOINT WARNING * * *
Erica burns you.
* * * LOW HITPOINT WARNING * * *
A howler monkey comes into view.
Erica closely misses you.
Your Transmutations skill increases to level 4!
You take 7 damage, and have 13/79 hp.
The howler monkey howls!
You lash Erica! Your grab misses Erica.
Erica is moderately wounded.
Erica hits you with a +2 scimitar of flaming!
* * * LOW HITPOINT WARNING * * *
Erica burns you.
* * * LOW HITPOINT WARNING * * *
You take 8 damage, and have 5/79 hp.
You closely miss Erica. Your grab misses Erica.
Erica is moderately wounded.
Erica completely misses you.
Erica hits you with a +2 scimitar of flaming.
You die...
Erica begins burbling mirthfully and uncontrollably.

..#...................
##..................
##.................
##..................
.#...................
.....................
.....................
..........†)†.##.....
...........S### ##...
..........x#.# #.
.......h...##.#
..........## #?$
..........# [$#
........... #.#
.......... #.#
.$....... #.
..........


You could see Erica (invisible) and a howler monkey.

Vanquished Creatures
  An ugly thing (D:8)
  Maggie (D:9)
  4 yaks (D:9)
  A wraith (D:9)
  2 steam dragons
  An acid dragon (D:8)
  An orc warrior (D:7)
  Duvessa (D:7)
  3 ice beasts
  2 sky beasts
  A centaur (D:8)
  3 phantoms
  2 bullfrogs
  2 kobold brigands (Sewer)
  2 brain worms (Sewer)
  3 scorpions
  Dowan (D:7)
  9 killer bees (D:7)
  A jelly (D:5)
  2 orc priests
  4 hounds
  2 gnoll boudas (D:7)
  Ijyb (D:4)
  Natasha (D:1)
  2 iguanas (D:5)
  2 sleepcaps (D:5)
  6 orc wizards
  16 gnolls
  13 adders
  A river rat (Sewer)
  2 shadow imps
  4 ufetubi
  9 worms
  5 dart slugs
  21 orcs
  5 bats
  5 endoplasms
  A giant cockroach (D:3)
  37 goblins
  34 hobgoblins
  3 jackals
  6 quokkas
  9 ball pythons
  5 frilled lizards
  8 kobolds
  11 rats
  A spectral orc (D:3)
257 creatures vanquished.

Notes
Turn   | Place    | Note
-------+----------+-------------------------------------------
     0 | D:1      | Dirtsage the Octopode Shapeshifter began the quest for the
                  | Orb.
     0 | D:1      | Reached XP level 1. HP: 13/13 MP: 1/1
    53 | D:1      | Found a faded altar of an unknown god.
    67 | D:1      | Reached XP level 2. HP: 16/18 MP: 2/2
   599 | D:2      | Noticed Natasha
   609 | D:1      | Killed Natasha
   610 | D:1      | Reached skill level 4 in Shapeshifting
   610 | D:1      | Reached XP level 3. HP: 4/23 MP: 3/3
   966 | D:2      | Reached XP level 4. HP: 26/28 MP: 4/4
  1820 | D:3      | Found a sparkling altar of Nemelex Xobeh.
  1959 | D:3      | Found a basalt altar of Yredelemnul.
  2115 | D:3      | Reached skill level 5 in Shapeshifting
  2411 | D:3      | Reached XP level 5. HP: 33/33 MP: 5/5
  2747 | D:4      | Found a broken altar of Ashenzari.
  2865 | D:4      | Noticed a phantom
  2898 | D:4      | Killed a phantom
  2899 | D:4      | Reached skill level 6 in Shapeshifting
  2899 | D:4      | Reached XP level 6. HP: 12/38 MP: 6/6
  3055 | D:4      | Noticed an ice beast
  3069 | D:4      | Killed an ice beast
  3070 | D:4      | Reached skill level 7 in Shapeshifting
  3190 | D:4      | Reached XP level 7. HP: 40/43 MP: 7/7
  3262 | D:4      | Found a glowing drain.
  3271 | Sewer    | Entered a sewer
  4016 | D:4      | Noticed Ijyb
  4023 | D:4      | Killed Ijyb
  4128 | D:4      | Reached XP level 8. HP: 37/52 MP: 8/8
  4613 | D:4      | Identified a scroll of acquirement
  5084 | D:5      | Entered Level 5 of the Dungeon
  5407 | D:5      | Identified the amulet "Miodutyw" {Spirit Contam +Blink
                  | Int+5}
  5807 | D:5      | Reached skill level 8 in Shapeshifting
  6071 | D:6      | Reached skill level 9 in Shapeshifting
  6093 | D:6      | Learned a level 2 spell: Wereblood
  6186 | D:6      | Found a shadowy altar of Dithmenos.
  6186 | D:6      | Noticed a shadow
  6189 | D:6      | Found a hazy altar of Hepliaklqana.
  6223 | D:6      | Reached XP level 9. HP: 57/57 MP: 9/9
  6337 | D:6      | Found Okhlask's Antique Weapon Emporium.
  6839 | D:7      | Found a snail-covered altar of Cheibriados.
  6908 | D:7      | Found a radiant altar of Vehumet.
  6908 | D:7      | Found a stormy altar of Qazlal.
  6914 | D:7      | Reached skill level 1 in Transmutations
  7063 | D:7      | Reached skill level 5 in Unarmed Combat
  7066 | D:7      | Noticed Duvessa
  7072 | D:7      | Noticed Dowan
  7085 | D:7      | Killed Duvessa
  7109 | D:7      | Killed Dowan
  7416 | D:7      | Reached skill level 5 in Dodging
  7457 | D:7      | Found a staircase to the Ecumenical Temple.
  7462 | D:7      | Identified the +3 halberd of Gozag's Esteem {drain, rF+
                  | Int+2}
  7472 | Temple   | Entered the Ecumenical Temple
  7490 | Temple   | Became a worshipper of Elyvilon the Healer
  7893 | D:8      | Found an ornate altar of the Wu Jian Council.
  7910 | D:8      | Noticed a red ugly thing
  7933 | D:8      | Killed a red ugly thing
  7934 | D:8      | Reached skill level 5 in Fighting
  7934 | D:8      | Reached skill level 1 in Invocations
  7934 | D:8      | Reached XP level 10. HP: 66/66 MP: 9/11
  8131 | D:8      | Reached skill level 10 in Shapeshifting
  8131 | D:8      | Reached * piety under Elyvilon
  8501 | D:8      | Identified the +8 hand axe of a Labyrinth {spect, Fragile
                  | rElec Will++ Int+2}
  9038 | D:9      | Noticed an orange demon
  9060 | D:9      | Noticed Maggie
  9061 | D:9      | Noticed Erica
  9082 | D:9      | Killed Maggie
  9088 | D:9      | HP: 3/99 [Erica/+2 scimitar of flaming (5)]
  9098 | D:9      | Slain by Erica

Illustrated notes

Levels and vault maps discovered:
D:1:      amcnicky_arrival_flooded_fountain, layout_basic,
          hellmonk_ecumenical_altar_blasted
D:2:      layout_basic, minmay_misc_feat_alley, minmay_fountain_box,
          uniq_natasha
D:3:      layout_basic, nemelex_spade_bored_becter,
          yredelemnul_forgotten_temple_becter, serial_forest,
          infiniplex_forest_clump_C, infiniplex_forest_straight_3,
          infiniplex_forest_lined_4_way, infiniplex_forest_corner_2,
          infiniplex_forest_end_3, grunt_ministairs_12
D:4:      minmay_goblin_kobold_castle, layout_gridville,
          mainiacjoe_overflow_24_doors, lightli_sewer_entry_pipes,
          hangedman_decor_points, uniq_ijyb
D:5:      layout_gridville, minmay_crystal_water
D:6:      layout_loops_cross, riverfiend_overflow_shadow_ancestor, serial_shops,
          nicolae_shop_stone
D:7:      layout_basic, kennysheep_slug_shrine, gammafunk_temple_overflow_wave,
          minmay_temple_entry_offerings, uniq_duvessa
D:8:      layout_layer_cave, mainiacjoe_overflow_surrounded_room
D:9:      layout_big_octagon, tso_oasis_becter, zin_statuary, minivault_22,
          uniq_grum, uniq_amaemon, uniq_erica, uniq_maggie
Temple:   compressed_dpeg_triangle_lava_temple

Skill      XL: |  1  2  3  4  5  6  7  8  9 10 |
---------------+-------------------------------+-----
Shapeshifting  | 4 5 6 7 9 10 | 10.1
Fighting       | 3 5 |  5.5
Dodging        | 3 5 |  5.8
Unarmed Combat | 4 5 6 |  6.3
Transmutations | 3 4 |  4.0
Invocations    | 1 2 |  2.9

Action                     |  1- 3 |  4- 6 |  7- 9 | 10-12 || total
---------------------------+-------+-------+-------+-------++-------
  Melee: Unarmed           |    44 |   138 |   407 |    43 ||   632
         Constrict         |    12 |    32 |   127 |     5 ||   176
         Tentacles         |     6 |    24 |    65 |       ||    95
         Punch             |     1 |     2 |     1 |     1 ||     5
   Cast: Wereblood         |       |       |     6 |       ||     6
 Invoke: Purification      |       |       |       |     2 ||     2
  Evoke: Wand              |       |     3 |     5 |       ||     8
    Use: Potion            |       |     2 |     4 |     6 ||    12
         Scroll            |       |       |     4 |     7 ||    11
   Stab: Sleeping          |     5 |     3 |     3 |       ||    11
 Armour: Skin              |    13 |    39 |   177 |    75 ||   304
  Dodge: Dodged            |    32 |    98 |   271 |    39 ||   440
   Form: Flux              |       |       |     1 |       ||     1
         Serpent           |       |       |     1 |       ||     1

Table legend: (Time is in decaauts)
 A = Elapsed time spent in this place.
 B = Non-inter-level travel time spent in this place.
 C = Inter-level travel time spent in this place.
 D = Time resting spent in this place.
 E = Time spent auto-exploring this place.
 F = Levels seen in this place.
 G = Mean time per level.
                   A        B        C        D        E       F      G
               +--------+--------+--------+--------+--------+-----+--------+
         Total |   9054 |   8764 |    290 |    202 |   6681 |  11 |  823.1 |
       Dungeon |   8423 |   8167 |    256 |    202 |   6248 |   9 |  935.9 |
        Temple |     36 |      2 |     34 |      0 |      0 |   1 |   36.0 |
         Sewer |    595 |    595 |      0 |      0 |    433 |   1 |  595.0 |
               +--------+--------+--------+--------+--------+-----+--------+

Top non-repeatable levels by time:
     D:4: 1753 daAuts
     D:8: 1394 daAuts
     D:2: 1048 daAuts
     D:3: 982 daAuts
     D:7: 936 daAuts
     D:5: 876 daAuts
     D:6: 694 daAuts
     D:1: 679 daAuts
   Sewer: 595 daAuts
     D:9: 58 daAuts
  Temple: 36 daAuts
